[Event "Titled Tuesday Blitz June 6 Late 2023"]
[White "Krishnakumar, Sriram"]
[Black "Annaberdiyev, Meylis"]
[WhiteFideId "30915856"]
[BlackFideId "14000563"]
[WhiteElo "2499"]
[BlackElo "2416"]
[Result "0-1"]
[Round "9"]
[TimeControl "180+2"]
[Date "2023.06.07"]
[WhiteClock "0:00:06"]
[BlackClock "0:00:57"]
[Board "57"]

1. e4 c5 2. Nf3 Nc6 3. Bb5 d6 4. O-O Bd7 5. Re1 Nf6 6. c3 a6 7. Bf1 Bg4 8. d4 Bxf3 9. gxf3 cxd4 10. cxd4 e5 11. d5 Nd4 12. Be3 Be7 13. Nd2 O-O 14. Nb3 Nxb3 15. Qxb3 Nh5 16. Qxb7 Bg5 17. Qb3 Bf4 18. h3 Rb8 19. Qc2 Qg5+ 20. Bg2 f5 21. Qe2 Bxe3 22. fxe3 f4 23. h4 Qxh4 24. Qf2 Qg5 25. exf4 Nxf4 26. Kf1 Rf6 27. Rac1 Nd3 28. Qc2 Rxb2 29. Qc8+ Rf8 30. Qe6+ Kh8 31. Re2 Qxc1+ 0-1


[Site "https://www.chess.com"]

[Event "Titled Tuesday Blitz June 6 Late 2023"]
[White "Abrahamyan, Tatev"]
[Black "Pasti, Aron"]
[WhiteFideId "13301918"]
[BlackFideId "785857"]
[WhiteElo "2342"]
[BlackElo "2173"]
[Result "1-0"]
[Round "9"]
[TimeControl "180+2"]
[Date "2023.06.07"]
[WhiteClock "0:00:36"]
[BlackClock "0:00:01"]
[Board "58"]

1. e4 c5 2. Nf3 e6 3. d4 cxd4 4. Nxd4 Nc6 5. Nc3 Qc7 6. Be3 a6 7. a3 b5 8. f4 Bb7 9. Qf3 Nf6 10. Bd3 Nxd4 11. Bxd4 Bc5 12. Bxc5 Qxc5 13. O-O-O d5 14. e5 Nd7 15. Qh3 Qc7 16. Rhe1 Nc5 17. Kb1 d4 18. Bxb5+ axb5 19. Nxb5 Qb6 20. Nd6+ Kf8 21. Rxd4 Bd5 22. Rb4 Qa5 23. Qc3 Na6 24. Rc4 Qd8 25. Rd4 Nc7 26. Qd3 Ne8 27. c4 Nxd6 28. exd6 Bxg2 29. f5 1-0


[Site "https://www.chess.com"]

[Event "Titled Tuesday Blitz June 6 Late 2023"]
[White "Gubajdullin, Alexei"]
[Black "Ismayil, Malak"]
[WhiteFideId "4141202"]
[BlackFideId "13412604"]
[WhiteElo "2279"]
[BlackElo "1868"]
[Result "1-0"]
[Round "9"]
[TimeControl "180+2"]
[Date "2023.06.07"]
[WhiteClock "0:01:09"]
[BlackClock "0:00:23"]
[Board "59"]

1. d4 Nf6 2. Nf3 e6 3. Bf4 d5 4. e3 Be7 5. Nbd2 O-O 6. Bd3 c5 7. c3 Nc6 8. Ne5 Nxe5 9. dxe5 Nd7 10. h4 Qc7 11. Bxh7+ Kxh7 12. Qh5+ Kg8 13. Nf3 Re8 14. Ng5 Bxg5 15. hxg5 Kf8 16. g6 fxg6 17. Qxg6 Kg8 18. Qxe8+ Nf8 19. Rh8+ Kxh8 20. Qxf8+ Kh7 21. O-O-O Kg6 22. Rh1 Qf7 23. Qd8 Qf5 24. g4 Qxg4 25. f3 Qxf3 26. Rg1+ Kf7 27. Qg5 Ke8 28. Qxg7 Kd8 29. Bg5+ 1-0


[Site "https://www.chess.com"]

[Event "Titled Tuesday Blitz June 6 Late 2023"]
[White "Mendez Fortes, Eduardo Jesus"]
[Black "Della Morte, German"]
[WhiteFideId "3502376"]
[BlackFideId "113522"]
[WhiteElo "2307"]
[BlackElo "2306"]
[Result "1-0"]
[Round "9"]
[TimeControl "180+2"]
[Date "2023.06.07"]
[WhiteClock "0:01:51"]
[BlackClock "0:02:31"]
[Board "60"]

1. e4 c6 2. d4 d5 3. e5 e6 4. Nf3 c5 5. dxc5 Bxc5 6. a3 Ne7 7. b4 Bb6 8. Bb2 Nbc6 9. Bd3 Bd7 10. Nbd2 O-O 11. Ng5 Ng6 12. Qh5 h6 13. Nxf7 Rxf7 14. Bxg6 Rxf2 15. Nf3 Rxc2 16. Bxc2 1-0


[Site "https://www.chess.com"]

[Event "Titled Tuesday Blitz June 6 Late 2023"]
[White "Golubev, Mikhail"]
[Black "Rego, Pedro Filipe"]
[WhiteFideId "14100983"]
[BlackFideId "1904310"]
[WhiteElo "2374"]
[BlackElo "2193"]
[Result "1-0"]
[Round "9"]
[TimeControl "180+2"]
[Date "2023.06.07"]
[WhiteClock "0:00:36"]
[BlackClock "0:01:06"]
[Board "61"]

1. e4 c5 2. Nf3 Nc6 3. Nc3 g6 4. d4 cxd4 5. Nxd4 Bg7 6. Be3 Nf6 7. Bc4 O-O 8. Bb3 d6 9. f3 Bd7 10. h4 h5 11. Qd2 Na5 12. O-O-O Nxb3+ 13. cxb3 Qa5 14. Kb1 Rfc8 15. g4 b5 16. gxh5 Nxh5 17. Rhg1 e5 18. Nf5 Bxf5 19. exf5 e4 20. fxg6 Bxc3 21. Qd5 Qc7 22. gxf7+ Kf8 23. bxc3 Qxf7 24. Qxd6+ Ke8 25. Rg5 Rd8 26. Re5+ 1-0


[Site "https://www.chess.com"]

[Event "Titled Tuesday Blitz June 6 Late 2023"]
[White "Kovalevsky, Stanislav"]
[Black "Sargsyan, Anna M."]
[WhiteFideId "13508598"]
[BlackFideId "13308130"]
[WhiteElo "2112"]
[BlackElo "2284"]
[Result "0-1"]
[Round "9"]
[TimeControl "180+2"]
[Date "2023.06.07"]
[WhiteClock "0:00:02"]
[BlackClock "0:01:04"]
[Board "62"]

1. c4 c6 2. e4 d5 3. exd5 cxd5 4. cxd5 Nf6 5. Nc3 Nxd5 6. Bc4 Nxc3 7. bxc3 Nc6 8. Nf3 Qc7 9. O-O Bf5 10. d4 e6 11. Re1 Be7 12. d5 O-O-O 13. Qa4 exd5 14. Bb5 Bd6 15. Be3 a6 16. Be2 Qa5 17. Qb3 Qa3 18. Qd1 Rhe8 19. Kh1 Kb8 20. Qxd5 Be6 21. Qg5 Qxc3 22. Rec1 Qf6 23. Qxf6 gxf6 24. Bxa6 Bd5 25. Rab1 Nb4 26. Be2 Be4 27. Rb3 Rc8 28. Rxc8+ Rxc8 29. Nd4 Bd5 30. Rb2 Nxa2 31. Nb5 Be5 32. Rd2 Rc1+ 33. Rd1 Rxd1+ 34. Bxd1 Nc3 35. Nxc3 Bxc3 36. Bc2 h5 37. f3 b5 38. Kg1 b4 39. Kf2 Ba2 40. Bc5 b3 41. Bxb3 Bxb3 42. Ke3 Kc8 43. Kf4 Kd7 44. Kg3 Bc2 45. Kh4 Bg6 46. g3 Ke6 47. g4 f5 48. gxh5 Bf6+ 49. Kg3 Bxh5 50. Be3 Be5+ 51. f4 Bc3 52. Bc1 Kf6 53. Ba3 Ke6 54. Bc1 Be1+ 55. Kg2 Kd5 56. h4 Bxh4 57. Kh3 Be1 58. Kg2 Ke4 59. Kh3 Bg4+ 60. Kg2 Bc3 61. Kg3 Bd4 62. Kh4 Be3 63. Bb2 Bxf4 64. Bd4 Bg3+ 65. Kg5 Kxd4 66. Kf6 f4 0-1


[Site "https://www.chess.com"]

[Event "Titled Tuesday Blitz June 6 Late 2023"]
[White "Garcia Cuenca, Victor"]
[Black "Ozates, Tuna"]
[WhiteFideId "2250829"]
[BlackFideId "6354521"]
[WhiteElo "2329"]
[BlackElo "2151"]
[Result "0-1"]
[Round "9"]
[TimeControl "180+2"]
[Date "2023.06.07"]
[WhiteClock "0:00:02"]
[BlackClock "0:00:12"]
[Board "63"]

1. b3 c5 2. Bb2 Nc6 3. e3 d5 4. Nf3 Bg4 5. Be2 e6 6. O-O Nf6 7. d4 cxd4 8. Nxd4 Bxe2 9. Qxe2 Nxd4 10. Bxd4 a6 11. c4 Be7 12. cxd5 Qxd5 13. Nc3 Qa5 14. Na4 O-O 15. Rac1 Rac8 16. Qf3 Qd5 17. Qg3 Rxc1 18. Rxc1 h6 19. Nb6 Qf5 20. h3 Rd8 21. Qf3 Qxf3 22. gxf3 Nd5 23. Nxd5 Rxd5 24. Rc7 e5 25. Bc3 Bh4 26. Rxb7 Rc5 27. Be1 Rc2 28. a4 f5 29. b4 f4 30. exf4 exf4 31. b5 axb5 32. Rxb5 Rc1 33. Kf1 Bf6 34. Ke2 Rc2+ 35. Kd3 Ra2 36. a5 Kf7 37. Rb7+ Kg6 38. Rb6 Kh5 39. a6 Kh4 40. Kc4 Kxh3 41. Kb5 Rb2+ 42. Kc6 Ra2 43. Kb7 Bd4 0-1


[Site "https://www.chess.com"]

[Event "Titled Tuesday Blitz June 6 Late 2023"]
[White "Roberson, Peter T"]
[Black "Kaplan, Avi Harrison"]
[WhiteFideId "412384"]
[BlackFideId "30934559"]
[WhiteElo "2346"]
[BlackElo "1983"]
[Result "1/2-1/2"]
[Round "9"]
[TimeControl "180+2"]
[Date "2023.06.07"]
[WhiteClock "0:00:38"]
[BlackClock "0:02:06"]
[Board "64"]

1. e4 b6 2. d4 Bb7 3. Bd3 f5 4. exf5 Bxg2 5. Qh5+ g6 6. fxg6 Bg7 7. gxh7+ Kf8 8. Ne2 Bxh1 9. Nf4 Nf6 10. Qh4 Ke8 11. Bg6+ Kf8 12. Bd3 Ke8 13. Bg6+ Kf8 14. Bd3 1/2-1/2


[Site "https://www.chess.com"]

[Event "Titled Tuesday Blitz June 6 Late 2023"]
[White "Machidon, Cristi"]
[Black "QuiesPrecatio"]
[WhiteFideId "13904590"]
[WhiteElo "2355"]
[BlackElo "2440"]
[Result "0-1"]
[Round "9"]
[TimeControl "180+2"]
[Date "2023.06.07"]
[WhiteClock "0:00:02"]
[BlackClock "0:00:52"]
[Board "65"]

1. e4 e6 2. d4 d5 3. Nc3 Nf6 4. Bg5 dxe4 5. Nxe4 Be7 6. Bxf6 Bxf6 7. Nf3 Bd7 8. Bd3 Bc6 9. c3 Nd7 10. O-O O-O 11. Qe2 h6 12. Rfe1 Re8 13. Bb5 Bxb5 14. Qxb5 Nb6 15. a4 a6 16. Qb3 Qd5 17. Qc2 a5 18. Rad1 Rad8 19. b3 Be7 20. Ne5 Ra8 21. c4 Qd8 22. Nc5 Qc8 23. Qe4 f6 24. Ng6 Bxc5 25. dxc5 Nd7 26. c6 Nc5 27. cxb7 Qxb7 28. Qxb7 Nxb7 29. Nf4 Nc5 30. Re3 Rab8 31. Rb1 e5 32. Nd5 c6 33. Nc3 Rxb3 34. Rxb3 Nxb3 35. Rd3 Nc5 36. Rd6 Rb8 37. f3 Rb3 38. Rxc6 Nd3 39. Ne2 Rb1+ 40. Nc1 Rxc1# 0-1


[Site "https://www.chess.com"]

[Event "Titled Tuesday Blitz June 6 Late 2023"]
[White "Novikov, Evgenij"]
[Black "zsizsi99"]
[WhiteFideId "4125380"]
[WhiteElo "2242"]
[BlackElo "2431"]
[Result "1/2-1/2"]
[Round "9"]
[TimeControl "180+2"]
[Date "2023.06.07"]
[WhiteClock "0:00:02"]
[BlackClock "0:00:08"]
[Board "66"]

1. d4 Nf6 2. Nc3 d5 3. Bg5 Nbd7 4. e4 dxe4 5. Bc4 h6 6. Bh4 Nb6 7. Bb3 Bf5 8. Nge2 g5 9. Bg3 Bg7 10. h4 Qd7 11. hxg5 hxg5 12. Rxh8+ Bxh8 13. Be5 Bg6 14. a4 O-O-O 15. a5 Nbd5 16. a6 b5 17. Ra5 c6 18. Qd2 Nb6 19. Qxg5 Nfd5 20. Nxd5 cxd5 21. Nc3 f6 22. Qxg6 fxe5 23. Nxb5 exd4 24. Nxa7+ Qxa7 25. Rb5 Bf6 26. Qf5+ Kb8 27. Bxd5 Qxa6 28. Bc4 Rd6 29. Qc5 Qb7 30. Be2 Qc7 31. Qb4 d3 32. cxd3 exd3 33. Bxd3 Re6+ 34. Kd1 Rd6 35. Ke2 Bd4 36. Be4 Re6 37. f3 Qc2+ 38. Qd2 Qxd2+ 39. Kxd2 Rd6 40. Ke2 e5 41. g4 Kc7 42. Rb4 Bc5 43. Rb3 Rd4 44. Rc3 Kd6 45. Rc2 Na4 46. b3 Nb6 47. Rd2 Rxd2+ 48. Kxd2 Bb4+ 49. Kd3 Nd5 50. g5 Nf4+ 51. Kc4 Be1 52. g6 Ke7 53. b4 Kf6 54. b5 Bf2 55. Kb4 Bb6 56. Kc4 Kg7 57. Bf5 Kf6 58. Be4 Ba7 59. Kb4 Bb6 60. Kc4 1/2-1/2


[Site "https://www.chess.com"]

[Event "Titled Tuesday Blitz June 6 Late 2023"]
[White "Ansh M Shah"]
[Black "D`Arruda, Ricardo D."]
[WhiteFideId "25033379"]
[BlackFideId "100692"]
[WhiteElo "2084"]
[BlackElo "2537"]
[Result "1/2-1/2"]
[Round "9"]
[TimeControl "180+2"]
[Date "2023.06.07"]
[WhiteClock "0:00:11"]
[BlackClock "0:00:20"]
[Board "67"]

1. d4 Nf6 2. c4 e5 3. dxe5 Ne4 4. Nf3 Nc6 5. Qd5 Bb4+ 6. Nbd2 Nxd2 7. Bxd2 Bxd2+ 8. Qxd2 Qe7 9. Qc3 O-O 10. O-O-O Re8 11. Rd5 Nb4 12. Ra5 b6 13. Ra4 Nc6 14. e3 Bb7 15. c5 Nxe5 16. Ba6 Bxa6 17. Rxa6 Nxf3 18. gxf3 Qxc5 19. Qxc5 bxc5 20. Rd1 d6 21. Rd3 Reb8 22. Kc2 Kf8 23. Rb3 Rb6 24. Rba3 Rxa6 25. Rxa6 Ke7 26. b3 Kd7 27. Ra5 Kc6 28. Ra4 a5 29. Rh4 h6 30. Rg4 g6 31. Rf4 f5 32. h4 h5 33. e4 Rf8 34. Kd2 Kd7 35. Ke3 Ke6 36. exf5+ Rxf5 37. Ra4 Re5+ 38. Kf4 Re2 39. Kg3 d5 40. Rxa5 Kd6 41. Ra6+ c6 42. Ra7 d4 43. Rg7 Re6 44. Rg8 Kd7 45. Rg7+ Re7 46. Rxe7+ Kxe7 47. Kf4 c4 48. bxc4 Kd6 49. Ke4 Kc5 50. Kd3 g5 51. hxg5 Kd6 52. g6 Ke6 53. a4 h4 54. a5 h3 55. a6 h2 56. a7 h1=Q 57. a8=Q Qxf3+ 58. Kxd4 Qxf2+ 59. Kc3 Qe3+ 60. Kc2 Qe4+ 61. Kb3 Qd3+ 62. Kb2 Qd2+ 63. Kb3 Qd1+ 64. Kb4 Qd6+ 65. Kc3 Qe5+ 66. Kb3 Qe3+ 67. Kb2 Qd4+ 68. Kb3 Qd3+ 69. Kb4 Qd6+ 70. Kc3 Qe5+ 71. Kd3 Qg3+ 72. Ke2 Qg4+ 73. Kd2 Qd4+ 74. Ke1 Qc3+ 75. Kf2 Qc2+ 76. Kf3 Qd3+ 77. Kf2 Qd2+ 78. Kf3 Qc3+ 79. Kf2 Qd4+ 80. Ke1 Qe4+ 81. Kd2 Qd4+ 82. Ke1 1/2-1/2


[Site "https://www.chess.com"]

[Event "Titled Tuesday Blitz June 6 Late 2023"]
[White "Abduzhaparov"]
[Black "Bilan, Danila"]
[BlackFideId "24161918"]
[WhiteElo "2407"]
[BlackElo "2146"]
[Result "0-1"]
[Round "9"]
[TimeControl "180+2"]
[Date "2023.06.07"]
[WhiteClock "0:00:02"]
[BlackClock "0:00:03"]
[Board "68"]

1. Nf3 d5 2. c4 c6 3. d4 Nf6 4. e3 e6 5. b3 Nbd7 6. Bb2 Bb4+ 7. Nbd2 Ne4 8. Bd3 f5 9. O-O O-O 10. a3 Ba5 11. b4 Bc7 12. c5 Rf6 13. Ne5 Rh6 14. f4 Ndf6 15. Nxe4 dxe4 16. Bc4 Nd5 17. Bxd5 exd5 18. Qe2 a6 19. a4 Bd7 20. b5 Be8 21. bxc6 bxc6 22. Bc3 Bh5 23. Qf2 Rb8 24. Rfb1 g5 25. g3 Bxe5 26. dxe5 Bf3 27. a5 gxf4 28. exf4 Rg6 29. Rb6 h5 30. Rab1 Ra8 31. e6 h4 32. e7 Qxe7 33. Rb7 Qd8 0-1


[Site "https://www.chess.com"]

[Event "Titled Tuesday Blitz June 6 Late 2023"]
[White "Vovk, Orest"]
[Black "Olsson, William"]
[WhiteFideId "14113490"]
[BlackFideId "1741721"]
[WhiteElo "2215"]
[BlackElo "2197"]
[Result "1-0"]
[Round "9"]
[TimeControl "180+2"]
[Date "2023.06.07"]
[WhiteClock "0:00:52"]
[BlackClock "0:01:05"]
[Board "69"]

1. d4 d5 2. Nc3 Nf6 3. Nf3 c6 4. Ne5 Bf5 5. Bf4 e6 6. e3 h6 7. Bd3 Nbd7 8. Bxf5 exf5 9. O-O Ne4 10. Nxe4 fxe4 11. Nxd7 Qxd7 12. c4 dxc4 13. Qc2 Qd5 14. Rfc1 b5 15. a4 Be7 16. axb5 cxb5 17. Ra5 O-O 18. Rca1 Qb7 19. Ra6 Rfc8 20. h3 b4 21. Qa4 c3 22. bxc3 bxc3 23. Rc1 Qb2 24. Rc2 Qb1+ 25. Kh2 Ba3 26. d5 Rc4 27. Qxc4 Qxc2 28. Rxa3 Qxf2 29. Qxc3 a5 30. d6 g5 31. Bg3 1-0


[Site "https://www.chess.com"]

[Event "Titled Tuesday Blitz June 6 Late 2023"]
[White "Rodriguez Santiago, Jaime"]
[Black "Janaszak, Dawid"]
[WhiteFideId "3100898"]
[BlackFideId "1119206"]
[WhiteElo "2025"]
[BlackElo "2220"]
[Result "0-1"]
[Round "9"]
[TimeControl "180+2"]
[Date "2023.06.07"]
[WhiteClock "0:00:26"]
[BlackClock "0:00:33"]
[Board "70"]

1. c4 e6 2. Nf3 d5 3. g3 c5 4. Bg2 Nc6 5. O-O Nf6 6. b3 Be7 7. d3 O-O 8. e3 e5 9. cxd5 Nxd5 10. Bb2 Bf6 11. Qe2 b6 12. Nc3 Ndb4 13. Rad1 Ba6 14. Ne1 Bb7 15. a3 Na6 16. Nd5 Na5 17. Nxf6+ Qxf6 18. Bxb7 Nxb7 19. f4 Qe6 20. d4 Nc7 21. dxe5 Qxb3 22. f5 Rad8 23. Ng2 Qb5 24. Qf2 Rxd1 25. Rxd1 Rd8 26. Rxd8+ Nxd8 27. h3 Qd3 28. Kh2 c4 29. Ne1 Qd1 30. Bc3 Nd5 31. Bd4 c3 32. Nc2 Qd2 33. Kg2 Nc6 34. Kf3 Qd3 35. Kg2 Nxd4 36. exd4 Qxc2 37. Qxc2 Ne3+ 38. Kf3 Nxc2 39. Ke4 Nxd4 40. Kd3 c2 41. Kd2 Nxf5 42. g4 Ne3 43. a4 Kf8 0-1


[Site "https://www.chess.com"]

[Event "Titled Tuesday Blitz June 6 Late 2023"]
[White "Garmendiarov"]
[Black "Cardozo Munar, Carlos Eduardo"]
[BlackFideId "4409477"]
[WhiteElo "2512"]
[BlackElo "2067"]
[Result "1/2-1/2"]
[Round "9"]
[TimeControl "180+2"]
[Date "2023.06.07"]
[WhiteClock "0:01:11"]
[BlackClock "0:01:48"]
[Board "71"]

1. d4 d5 2. Bf4 e6 3. e3 Bd6 4. Nd2 Bxf4 5. exf4 Qd6 6. g3 Nf6 7. Ngf3 O-O 8. Bd3 c5 9. dxc5 Qxc5 10. O-O Nc6 11. c3 b5 12. a3 a5 13. Qe2 Rb8 14. Nb3 Qd6 15. Nbd4 Nxd4 16. Nxd4 b4 17. axb4 axb4 18. Rfe1 bxc3 19. bxc3 Bd7 20. f5 Rfe8 21. fxe6 Bxe6 22. Qd2 Bh3 23. Bf5 Bxf5 24. Nxf5 Qc5 25. Qd4 Qxd4 26. cxd4 g6 27. Ne7+ Kg7 28. Nc6 Rxe1+ 29. Rxe1 Re8 30. Rxe8 Nxe8 31. Ne7 Nf6 32. f3 Kf8 33. Nc6 Ke8 34. Kf2 Kd7 35. Ne5+ Ke6 36. Ke3 Ne8 37. Kf4 1/2-1/2


[Site "https://www.chess.com"]

[Event "Titled Tuesday Blitz June 6 Late 2023"]
[White "Ladan, Nicholas"]
[Black "Harish, Neeraj"]
[WhiteFideId "30918855"]
[BlackFideId "30958130"]
[WhiteElo "2167"]
[BlackElo "1879"]
[Result "1-0"]
[Round "9"]
[TimeControl "180+2"]
[Date "2023.06.07"]
[WhiteClock "0:01:20"]
[BlackClock "0:00:16"]
[Board "72"]

1. d4 d5 2. Nf3 Nf6 3. Bf4 e6 4. e3 Bd6 5. Ne5 O-O 6. Nd2 c5 7. c3 Qc7 8. Bd3 Nbd7 9. Nxd7 Bxd7 10. Bxd6 Qxd6 11. Nf3 Qb6 12. Rb1 Bb5 13. O-O Bxd3 14. Qxd3 cxd4 15. exd4 Rac8 16. Ne5 Qd6 17. Rfe1 a6 18. a4 Rb8 19. a5 Nd7 20. Ra1 Nxe5 21. Rxe5 f6 22. Rh5 g6 23. Rh3 b6 24. axb6 Rxb6 25. b4 Rc6 26. Ra5 Rfc8 27. Rc5 Qf4 28. Re3 Kf7 29. g3 Qd6 30. h4 Rxc5 31. bxc5 Qc6 32. Re1 a5 33. Rb1 Qc7 34. Rb6 Rb8 35. Qb5 Rxb6 36. cxb6 Qxc3 37. b7 1-0


[Site "https://www.chess.com"]

[Event "Titled Tuesday Blitz June 6 Late 2023"]
[White "Petesch, Gabriel"]
[Black "Cagara, Paulina"]
[WhiteFideId "2032465"]
[BlackFideId "1124870"]
[WhiteElo "2374"]
[BlackElo "1967"]
[Result "1-0"]
[Round "9"]
[TimeControl "180+2"]
[Date "2023.06.07"]
[WhiteClock "0:00:42"]
[BlackClock "0:00:11"]
[Board "73"]

1. e4 c6 2. Nc3 d5 3. Nf3 Bg4 4. Be2 e6 5. h3 Bh5 6. d3 Nd7 7. Bf4 Bb4 8. O-O Ne7 9. Ne5 Bxe2 10. Qxe2 O-O 11. a3 Bd6 12. Nxf7 Rxf7 13. Bxd6 Nb6 14. Bh2 Ng6 15. f4 dxe4 16. dxe4 Qd4+ 17. Kh1 Qc4 18. Qe3 Rd8 19. f5 Nf8 20. Qg5 Rdd7 21. Rf3 exf5 22. exf5 Nd5 23. Nxd5 Rxd5 24. c3 Qe2 25. b4 h6 26. Qg4 Rfd7 27. f6 Rg5 28. fxg7 Rxg4 29. gxf8=Q+ Kh7 30. hxg4 Rd1+ 31. Rxd1 Qxd1+ 32. Bg1 1-0


[Site "https://www.chess.com"]

[Event "Titled Tuesday Blitz June 6 Late 2023"]
[White "Arias Igual, Alejandro"]
[Black "Lopez Mulet, Inigo"]
[WhiteFideId "2254905"]
[BlackFideId "22235620"]
[WhiteElo "2179"]
[BlackElo "2302"]
[Result "0-1"]
[Round "9"]
[TimeControl "180+2"]
[Date "2023.06.07"]
[WhiteClock "0:01:26"]
[BlackClock "0:02:33"]
[Board "74"]

1. e4 b6 2. d4 Bb7 3. Bd3 e6 4. Nf3 c5 5. c3 cxd4 6. cxd4 Nf6 7. Qe2 d5 8. e5 Ne4 9. O-O Be7 10. Nbd2 Nxd2 11. Bxd2 Nc6 12. a3 h6 13. Rac1 Rc8 14. Bb1 Qd7 15. Rfe1 a6 16. b4 b5 17. Rc3 Na7 18. Rec1 Rc4 19. Bd3 Rxc3 20. Rxc3 Nc8 21. Ne1 Nb6 22. Nc2 Nc4 23. Bc1 O-O 24. Ne3 Rc8 25. Nxc4 dxc4 26. Bb1 Qxd4 27. Qc2 Be4 28. Qb2 Qd1# 0-1


[Site "https://www.chess.com"]

[Event "Titled Tuesday Blitz June 6 Late 2023"]
[White "Szyszylo, Rafal"]
[Black "Gomez Ledo, Roberto Carlos"]
[WhiteFideId "1109626"]
[BlackFideId "3507076"]
[WhiteElo "1951"]
[BlackElo "2378"]
[Result "1/2-1/2"]
[Round "9"]
[TimeControl "180+2"]
[Date "2023.06.07"]
[WhiteClock "0:00:07"]
[BlackClock "0:00:15"]
[Board "75"]

1. e4 e5 2. Bc4 Nf6 3. Nc3 Nc6 4. d3 Bc5 5. f4 O-O 6. Nf3 exf4 7. Bxf4 d6 8. d4 Bb4 9. Bg5 h6 10. Bxf6 Qxf6 11. O-O Bxc3 12. bxc3 Qe7 13. Qd2 Qxe4 14. Rae1 Qg4 15. h3 Qh5 16. Qf4 Qf5 17. Qg3 Qxc2 18. Ng5 hxg5 19. Rxf7 Be6 20. Rxf8+ Rxf8 21. Bxe6+ Kh8 22. Qxg5 Qf2+ 23. Kh2 Qf4+ 24. Qxf4 Rxf4 25. Kg3 Rf8 26. Bd5 Nd8 27. Re7 c6 28. Bf3 Kg8 29. Bh5 d5 30. Bg6 a5 31. h4 a4 32. h5 b6 33. a3 c5 34. Kg4 cxd4 35. cxd4 b5 36. Kg5 b4 37. h6 gxh6+ 38. Kxh6 Nf7+ 39. Kh5 b3 40. Rb7 Nd6 41. Ra7 b2 42. Kh6 Rb8 43. Rg7+ Kf8 44. Rd7 Ne4 45. Rf7+ Kg8 46. Rg7+ Kf8 47. Rf7+ Kg8 48. Rg7+ Kh8 49. Rh7+ Kg8 50. Rg7+ 1/2-1/2


[Site "https://www.chess.com"]

[Event "Titled Tuesday Blitz June 6 Late 2023"]
[White "Di Berardino, Diego Rafael"]
[Black "MrAnnihilation"]
[WhiteFideId "2105446"]
[WhiteElo "2426"]
[BlackElo "2400"]
[Result "1-0"]
[Round "9"]
[TimeControl "180+2"]
[Date "2023.06.07"]
[WhiteClock "0:00:54"]
[BlackClock "0:00:04"]
[Board "76"]

1. d4 Nf6 2. Nf3 e6 3. Bg5 b6 4. Nbd2 Bb7 5. e3 h6 6. Bh4 d6 7. Bd3 Nbd7 8. e4 Be7 9. O-O a6 10. c3 g5 11. Bg3 Nh5 12. Qe2 g4 13. Ne1 Nxg3 14. fxg3 h5 15. Nc2 Bg5 16. Rf2 Qe7 17. Raf1 f6 18. a4 a5 19. Nc4 Qg7 20. d5 e5 21. N2e3 Nf8 22. Nf5 Qg6 23. Nce3 Bc8 24. Bb5+ Kf7 25. Qc4 Nh7 26. Qxc7+ Kg8 27. Ne7+ 1-0


[Site "https://www.chess.com"]

[Event "Titled Tuesday Blitz June 6 Late 2023"]
[White "Vaglio Munoz, Jaime"]
[Black "Shohat, Yotam"]
[WhiteFideId "6500145"]
[BlackFideId "2813955"]
[WhiteElo "2199"]
[BlackElo "2226"]
[Result "0-1"]
[Round "9"]
[TimeControl "180+2"]
[Date "2023.06.07"]
[WhiteClock "0:00:01"]
[BlackClock "0:00:12"]
[Board "77"]

1. Nf3 Nf6 2. c4 e6 3. b3 d5 4. Bb2 c5 5. cxd5 exd5 6. d4 Nc6 7. g3 Ne4 8. Bg2 cxd4 9. O-O Bc5 10. a3 a5 11. Nxd4 O-O 12. e3 Qb6 13. Nxc6 bxc6 14. b4 Be7 15. Bd4 Qc7 16. Nd2 axb4 17. Nxe4 dxe4 18. axb4 Bf5 19. Qb3 Rab8 20. Ra7 Rb7 21. Rxb7 Qxb7 22. Rb1 Rb8 23. Qc4 Be6 24. Qc2 f5 25. Bc3 Rd8 26. Bf1 Qd7 27. Bd4 Ra8 28. b5 c5 29. Be5 Ra2 30. Rb2 Ra1 31. Rb1 Ra2 32. Rb2 Ra1 33. Rb1 Rxb1 34. Qxb1 c4 35. b6 Qb7 36. Bd4 Bd5 37. Qb5 Qc6 38. Qxc6 Bxc6 39. Bxc4+ Kf8 40. Kf1 Bb7 41. Ke2 g6 42. Kd2 Bb4+ 43. Kc2 Be1 44. Kb3 Bxf2 45. Bc5+ Ke8 46. Bb5+ Kd8 47. Kc4 Bg1 48. h3 h5 49. Bd4 Bf2 50. Bf6+ Kc8 51. Bd4 Bxg3 52. Kc5 g5 53. Bf6 g4 54. hxg4 hxg4 55. Bc4 Kb8 56. Be6 Bc8 57. Bd5 Bh2 58. Kc6 Bb7+ 59. Kc5 Bg1 60. Be6 Bxe3+ 61. Kb5 Bc8 62. Be5+ Ka8 63. Bd5+ Bb7 64. Bc6 f4 65. Bd7 g3 66. Bh3 Bf2 67. Bg2 f3 0-1


[Site "https://www.chess.com"]

[Event "Titled Tuesday Blitz June 6 Late 2023"]
[White "The_Straightforward_Rook"]
[Black "Prado Lobo, Jonas"]
[BlackFideId "32050666"]
[WhiteElo "2375"]
[BlackElo "2322"]
[Result "1-0"]
[Round "9"]
[TimeControl "180+2"]
[Date "2023.06.07"]
[WhiteClock "0:01:14"]
[BlackClock "0:00:57"]
[Board "78"]

1. d4 g6 2. e4 Bg7 3. Nf3 d6 4. Bd3 b6 5. O-O Bb7 6. Re1 Nd7 7. Nbd2 e6 8. Nf1 Ngf6 9. a4 O-O 10. a5 c5 11. c3 Rc8 12. Bg5 h6 13. Bh4 Qc7 14. h3 Nh5 15. Bb1 g5 16. Bg3 Nxg3 17. Nxg3 Nf6 18. e5 dxe5 19. dxe5 Nd5 20. Qd3 f5 21. exf6 Nxf6 22. Nh5 Nxh5 23. Qh7+ Kf7 24. Bg6+ Ke7 25. Bxh5 Rg8 26. Qg6 Bd5 27. Rad1 Qc6 28. Qf7+ Kd6 29. Rxe6# 1-0


[Site "https://www.chess.com"]

[Event "Titled Tuesday Blitz June 6 Late 2023"]
[White "Hoffmann, Asa"]
[Black "Seletsky, Grigory"]
[WhiteFideId "2001470"]
[BlackFideId "14112191"]
[WhiteElo "2117"]
[BlackElo "2491"]
[Result "0-1"]
[Round "9"]
[TimeControl "180+2"]
[Date "2023.06.07"]
[WhiteClock "0:00:54"]
[BlackClock "0:00:50"]
[Board "79"]

1. d4 d6 2. e4 e5 3. Ne2 Nc6 4. d5 Nce7 5. c4 g6 6. Nbc3 Bg7 7. Be3 f5 8. f3 Nf6 9. Qd2 O-O 10. c5 f4 11. Bf2 Ne8 12. O-O-O g5 13. h3 b6 14. cxd6 cxd6 15. Kb1 a6 16. Nc1 Bd7 17. Nd3 a5 18. Rc1 Nf6 19. Be2 h5 20. Rc2 Qb8 21. Rhc1 b5 22. Nd1 Rc8 23. Rxc8+ Nxc8 24. Qc2 Ne8 25. b3 Bf6 26. N3b2 Bd8 27. Nc3 Na7 28. Qd3 Bb6 29. Bxb6 Qxb6 30. Ncd1 Rc8 31. Rxc8 Nxc8 32. Qc3 Kf7 33. Nd3 b4 34. Qc2 Qg1 35. Nb2 Qxg2 36. Ba6 Qxc2+ 37. Kxc2 Bxh3 38. Nc4 Bd7 39. Nxa5 g4 40. Be2 g3 41. Bf1 h4 0-1


[Site "https://www.chess.com"]

[Event "Titled Tuesday Blitz June 6 Late 2023"]
[White "Liu, Eric"]
[Black "Prieto Aranguren, Alain"]
[WhiteFideId "30960240"]
[BlackFideId "2268906"]
[WhiteElo "2094"]
[BlackElo "2209"]
[Result "0-1"]
[Round "9"]
[TimeControl "180+2"]
[Date "2023.06.07"]
[WhiteClock "0:01:33"]
[BlackClock "0:00:18"]
[Board "80"]

1. b3 a5 2. Bb2 a4 3. e3 e6 4. bxa4 Rxa4 5. Nf3 b6 6. c4 Ra5 7. h4 Bb7 8. h5 h6 9. Nc3 Nf6 10. d4 Rxh5 11. Rxh5 Nxh5 12. Bd3 Nf6 13. e4 d6 14. e5 dxe5 15. dxe5 Ng4 16. Qe2 Bc5 17. Ne4 Bxe4 18. Bxe4 Nxf2 19. Bc2 O-O 20. Kf1 Ng4 21. Bc1 f5 22. exf6 Qxf6 23. Bb2 Ne3+ 24. Ke1 Nxc2+ 25. Qxc2 Qf4 26. Bc1 Qg3+ 27. Kf1 Nc6 28. Bb2 Nb4 29. Qe2 e5 30. Bxe5 Rxf3+ 31. Qxf3 Qxe5 32. Re1 Qf6 33. Qxf6 gxf6 34. a3 Nc6 35. Re8+ Kf7 36. Rc8 Bd6 37. a4 Ne5 38. c5 Bxc5 39. Rxc7+ Ke6 40. a5 Kd6 41. a6 Kxc7 42. g3 Kb8 43. Kg2 Ka7 44. Kh3 Kxa6 45. Kh4 b5 46. Kh5 b4 47. Kxh6 b3 48. Kg7 b2 49. Kxf6 b1=Q 50. Kxe5 Qd3 51. g4 Qg3+ 52. Kf5 Be7 53. Ke6 Qxg4+ 54. Kxe7 Kb6 55. Kf6 Kc6 56. Ke5 Qg5+ 57. Ke4 Kc5 58. Kd3 Qf4 59. Kc3 Qe3+ 60. Kc2 Kc4 61. Kd1 Qf2 62. Kc1 Kb3 63. Kd1 Kc3 64. Kc1 Qf1# 0-1


[Site "https://www.chess.com"]